 Dungeon Crawl Stone Soup version 0.23.1 (webtiles) character file.

Game seed: 0

303194 Kairos the Severer (level 21, -7/119 HPs)
             Began as a Vine Stalker Fighter on Mar 2, 2019.
             Was the Champion of Okawaru.
             Killed from afar by a deep elf annihilator (47 damage)
             ... with a crystal spear
             ... on level 3 of the Elven Halls on Mar 3, 2019.
             The game lasted 02:06:53 (34684 turns).

Kairos the Severer (Vine Stalker Fighter)          Turns: 34684, Time: 02:06:54

Health: -7/119     AC: 28    Str: 29    XL:     21   Next: 8%
Magic:  0/29       EV: 12    Int: 14    God:    Okawaru [******]
Gold:   1908       SH: 20    Dex: 20    Spells: 13/22 levels left

rFire    + + +     SeeInvis +   Q - +6 broad axe of Miuggad {protect, Dex+4}
rCold    + . .     Gourm    .   n - +4 shield of Elitism {rF+ rN+ Regen+}
rNeg     + + .     Faith    .   W - +7 plate armour of Okawaru's Outrage {rN+ MR+}
rPois    +         Spirit   +   y - +1 hat {SInv}
rElec    .         Reflect  .   O - +2 cloak {rF+}
rCorr    .         Harm     .   R - +2 pair of gloves {Dex+3}
MR       +++..     Clarity  +   s - +0 pair of boots
Stlth    ..........             x - amulet of regeneration
HPRegen  1.89/turn              V - ring "Xyefurgh" {Str+4 Int+5 Dex-2}
MPRegen  0.21/turn              D - ring "Rabeboergh" {rPois rF+ rC+ Str-2}

@: no status effects
A: antennae 1, fangs 3, clarity, deformed body, regeneration 2, evolution 1,
magic shield, antimagic bite, no potion heal 3, rot immunity
}: 2/15 runes: decaying, serpentine
a: Heroism, Finesse, Renounce Religion


You were on level 3 of the Elven Halls.
You worshipped Okawaru.
Okawaru was exalted by your worship.
You were not hungry.

You visited 7 branches of the dungeon, and saw 32 of its levels.
You also visited: Sewer, Volcano and Wizlab.

You collected 3902 gold pieces.
You spent 1994 gold pieces at shops.

Inventory:

Hand Weapons
 J - a +1 vampiric war axe
 N - a +4 war axe of flaming
 P - the +6 war axe of Foul Odors {drain, *Noise rElec rPois rF+}
   (You acquired it on level 4 of the Swamp)

   A truly terrible weapon, it drains the life of those it strikes.
   It protects you from fire.
   It insulates you from electricity.
   It protects you from poison.
   It may make noises in combat.
 Q - the +6 broad axe of Miuggad (weapon) {protect, Dex+4}
   (Okawaru gifted it to you on level 4 of the Swamp)

   It protects the one who uses it against injury (+AC on strike).
   It affects your dexterity (+4).
 U - a +5 broad axe of electrocution
Missiles
 b - 2 throwing nets (quivered)
 w - 6 javelins of penetration
Armour
 n - the +4 shield of Elitism (worn) {rF+ rN+ Regen+}
   (Okawaru gifted it to you on level 3 of the Snake Pit)

   It protects you from fire.
   It protects you from negative energy.
   It increases your rate of regeneration.
 s - a +0 pair of boots (worn)
 y - a +1 hat of see invisible (worn)
 C - a +1 chain mail of cold resistance
 O - a +2 cloak of fire resistance (worn)
 R - a +2 pair of gloves of dexterity (worn)
 W - the +7 plate armour of Okawaru's Outrage (worn) {rN+ MR+}
   (Okawaru gifted it to you on level 6 of the Lair of Beasts)

   It protects you from negative energy.
   It affects your resistance to hostile enchantments.
Jewellery
 c - an uncursed ring of protection from fire
 o - an uncursed ring of resist corrosion
 v - an uncursed ring of protection from cold
 x - an amulet of regeneration (around neck)
 D - the ring "Rabeboergh" (right hand) {rPois rF+ rC+ Str-2}
   (You bought it in a shop on level 4 of the Snake Pit)

   [ring of protection from fire]

   It affects your strength (-2).
   It protects you from fire.
   It protects you from cold.
   It protects you from poison.
 M - an uncursed ring of positive energy
 V - the ring "Xyefurgh" (left hand) {Str+4 Int+5 Dex-2}
   (You found it on level 6 of the Lair of Beasts)

   [ring of intelligence]

   It affects your strength (+4).
   It affects your intelligence (+5).
   It affects your dexterity (-2).
Wands
 q - a wand of scattershot (19)
 H - a wand of acid (9)
 I - a wand of iceblast (23)
 X - a wand of paralysis (21)
Scrolls
 e - 11 scrolls of remove curse
 h - 11 scrolls of fear
 j - 11 scrolls of teleportation
 t - 4 scrolls of fog
 B - 2 scrolls of holy word
 E - 5 scrolls of blinking
 F - 7 scrolls of immolation
 K - a scroll of identify
 L - 2 scrolls of magic mapping
 T - a scroll of silence
Potions
 a - a potion of berserk rage
 d - 6 potions of might
 i - a potion of magic
 k - 4 potions of flight
 l - 4 potions of agility
 m - 8 potions of curing
 p - 4 potions of haste
 r - 7 potions of brilliance
 u - 2 potions of mutation
 z - 4 potions of lignification
 A - 4 potions of ambrosia
 G - 5 potions of cancellation
 S - 2 potions of invisibility
 Z - 5 potions of resistance
Miscellaneous
 g - a lightning rod (4/4)
Comestibles
 f - 44 rations


   Skills:
 + Level 15.8 Fighting
 - Level 18.0 Axes
 + Level 14.1 Armour
 + Level 5.8 Dodging
 + Level 4.1 Stealth
 + Level 17.0 Shields
 * Level 1.0 Spellcasting
 * Level 1.4 Translocations
 + Level 10.2 Invocations
 + Level 1.8 Evocations


You had 13 spell levels left.
You knew the following spells:

 Your Spells              Type           Power        Failure   Level  Hunger
a - Apportation           Tloc           #.....       65%         1    ##.....
b - Controlled Blink      Tloc           N/A          100%        8    #######

Your spell library contained the following spells:

 Spells                   Type           Power        Failure   Level  Hunger
 Animate Skeleton         Necr           N/A          83%         1    ##.....
 Beastly Appendage        Tmut           #.....       83%         1    ##.....
 Confusing Touch          Hex            #.....       83%         1    ##.....
 Corona                   Hex            #......      83%         1    ##.....
 Freeze                   Ice            #...         83%         1    ##.....
 Infusion                 Chrm           #...         83%         1    ##.....
 Magic Dart               Conj           #...         83%         1    ##.....
 Shock                    Conj/Air       #...         83%         1    ##.....
 Sting                    Conj/Pois      #...         83%         1    ##.....
 Summon Butterflies       Summ           #.......     83%         1    ##.....
 Summon Small Mammal      Summ           #...         83%         1    ##.....
 Shroud of Golubria       Chrm/Tloc      #.........   87%         2    ###....
 Ensorcelled Hibernation  Hex/Ice        #.....       93%         2    ###....
 Song of Slaying          Chrm           #.......     93%         2    ###....
 Sticks to Snakes         Tmut           #.......     93%         2    ###....
 Throw Flame              Conj/Fire      #.....       93%         2    ###....
 Throw Frost              Conj/Ice       #.....       93%         2    ###....
 Gell's Gravitas          Tloc           #.........   95%         3    ####...
 Portal Projectile        Hex/Tloc       #.....       98%         3    ####...
 Call Canine Familiar     Summ           #.......     99%         3    ####...
 Confuse                  Hex            #.......     99%         3    ####...
 Conjure Flame            Conj/Fire      #.......     99%         3    ####...
 Dazzling Spray           Conj/Hex       #.....       99%         3    ####...
 Inner Flame              Hex/Fire       #.......     99%         3    ####...
 Ozocubu's Armour         Chrm/Ice       #.......     99%         3    ####...
 Regeneration             Chrm/Necr      #.........   99%         3    ####...
 Spectral Weapon          Hex/Chrm       #.......     99%         3    ####...
 Spider Form              Tmut/Pois      #.........   99%         3    ####...
 Static Discharge         Conj/Air       #.......     99%         3    ####...
 Tukima's Dance           Hex            #.......     99%         3    ####...
 Cause Fear               Hex            #.........   100%        4    #####..
 Force Lance              Conj/Tloc      #.......     100%        4    #####..
 Ice Form                 Ice/Tmut       #.......     100%        4    #####..
 Iskenderun's Mystic Bla  Conj           #.......     100%        4    #####..
 Leda's Liquefaction      Hex/Erth       #.........   100%        4    #####..
 Petrify                  Tmut/Erth      #.......     100%        4    #####..
 Sticky Flame             Conj/Fire      #.......     100%        4    #####..
 Summon Ice Beast         Ice/Summ       #.......     100%        4    #####..
 Summon Lightning Spire   Summ/Air       #.......     100%        4    #####..
 Throw Icicle             Conj/Ice       #.......     100%        4    #####..
 Blade Hands              Tmut           #.........   100%        5    ######.
 Bolt of Magma            Conj/Fire/Erth #.........   100%        5    ######.
 Iskenderun's Battlesphe  Conj/Chrm      #.......     100%        5    ######.
 Metabolic Englaciation   Hex/Ice        #.........   100%        5    ######.
 Silence                  Hex/Air        #.........   100%        5    ######.
 Summon Demon             Summ           #.........   100%        5    ######.
 Summon Mana Viper        Hex/Summ       #.......     100%        5    ######.
 Venom Bolt               Conj/Pois      #.........   100%        5    ######.
 Yara's Violent Unravell  Hex/Tmut       #.........   100%        5    ######.
 Conjure Ball Lightning   Conj/Air       #.........   100%        6    #######
 Deflect Missiles         Chrm/Air       #.........   100%        6    #######
 Dispersal                Tloc           #.........   100%        6    #######
 Iron Shot                Conj/Erth      #.........   100%        6    #######
 Statue Form              Tmut/Erth      #........    100%        6    #######
 Orb of Destruction       Conj           #.........   100%        7    #######
 Summon Hydra             Summ           #.........   100%        7    #######
 Discord                  Hex            #.........   100%        8    #######
 Disjunction              Tloc           #.........   100%        8    #######
 Shatter                  Erth           #.........   100%        9    #######
 Tornado                  Air            #.........   100%        9    #######


Dungeon Overview and Level Annotations

Branches:
Dungeon (12/15)            Temple (1/1) D:5            Lair (6/6) D:10
  Swamp (4/4) Lair:2        Snake (4/4) Lair:2        Slime (0/5) Lair:6
    Orc (2/2) D:12            Elf (3/3) Orc:2

Altars:
Ashenzari
Cheibriados
Dithmenos
Elyvilon
Fedhas
Gozag
Hepliaklqana
Kikubaaqudgha
Makhleb
Nemelex Xobeh
Okawaru
Qazlal
Ru
Sif Muna
Trog
Uskayaw
Vehumet
Wu Jian
Xom
Yredelemnul
Zin
The Shining One
Beogh

Shops:
D:9 (   Orc:2 ?[:[   Elf:2 %   Elf:3 !   Snake:3 [   Snake:4 =}=

Portals:
Trove: D:12 (give +6 demon blade)


Innate Abilities, Weirdness & Mutations

You have razor-sharp teeth.
You heal very quickly.
When hurt, damage is shared between your health and your magic reserves.
Your bite disrupts and absorbs the magic of your enemies.
Potions cannot restore your health.
You are immune to rotting.
You have a pair of small antennae on your head.
You possess an exceptional clarity of mind.
Armour fits poorly on your strangely shaped body.
You evolve.


Message History

The deep elf annihilator gestures wildly while chanting.
The deep elf annihilator blinks!
No target in view!
No target in view!
No target in view!
The deep elf annihilator is too close now for your liking.
The deep elf annihilator casts a spell.
The deep elf annihilator blinks!
The deep elf annihilator points at you and mumbles some strange words.
The iron shot hits you!!!
The deep elf annihilator casts a spell at you.
The crystal spear hits you!!!
You are too injured to fight recklessly!
A deep elf annihilator is nearby!
You are too injured to fight recklessly!
You are too injured to fight recklessly!
You are too injured to fight recklessly!
The deep elf annihilator gestures at you while chanting.
The crystal spear hits you!!!
You die...

###..#.##....# ##).(
##.############# #.).( #...#
#...[## #.... .. #.#.#
#...[)###.... #' #.#.#
#'##}(.###... ..#### #.#.#
####..##..# #..)
.....####...####......#..# ####
...⌠....#...#....⌠....'..#### #
####............@e...#######..###
............#..............#...##
##.........###.........###.))....
............#..............#))...
####.................#######))...
'..).⌠....#"..#....⌠....'..#)()..
#......####)..####......#(.#(()..
##..#### #..#..# ####..##..#..(..
}##'# ##..#..## #'##).)###...


You could see a deep elf annihilator.

Vanquished Creatures
  Rupert (Lair:4)
  3 deep elf blademasters
  2 deep elf master archers (Elf:3)
  Agnes (Elf:2)
  Kirke (Swamp:3)
  2 thorn hunters
  Donald (Snake:3)
  The ghost of Frank the Unseen, an adept OpFi of Makhleb (Snake:4)
  10 nagarajas (Snake:4)
  2 deep elf sorcerers
  Aizul (Snake:4)
  11 deep elf elementalists
  A very ugly thing (Swamp:2)
  12 purple draconians (WizLab)
  6 deep elf demonologists (Elf:3)
  Nessos (Lair:5)
  A dire elephant (Lair:6)
  10 deep elf annihilators
  The ghost of glosham the Markscentaur, a journeyman CeCj of Cheibriados (D:12)
  A fire dragon (Lair:6)
  Snorg (Orc:1)
  9 statues (WizLab)
  4 deep elf death magi
  Josephine (Lair:5)
  2 deep elf high priests (Elf:3)
  14 naga warriors
  A vault guard (D:12)
  Erolcha (D:10)
  21 hydras
  9 shambling mangroves
  7 anacondas
  A catoblepas (Lair:6)
  4 two-headed ogres
  An ogre mage (Orc:2)
  33 dancing weapons
  A hell hog (Volcano)
  A spriggan berserker (Swamp:4)
  11 alligators
  2 orc high priests
  5 shock serpents
  23 deep elf knights
  21 naga sharpshooters
  Urug (Lair:6)
  7 salamander mystics
  A large abomination (Elf:3)
  2 unseen horrors
  10 naga ritualists
  10 swamp dragons
  2 lindwurms (Lair:6)
  An orange crystal statue (Elf:3)
  9 deep elf archers
  An orc knight (Orc:2)
  Pikel (D:9)
  14 mana vipers
  82 deep elf magi
  4 oklob plants (Lair:4)
  10 orc sorcerers (Orc:2)
  2 manticores (Lair:6)
  8 ugly things
  19 salamanders
  2 slime creatures
  2 centaur zombies
  11 elephants
  9 guardian serpents
  40 black mambas
  15 spiny frogs
  A gargoyle (D:12)
  3 torpor snails (Lair:5)
  16 naga magi
  5 rime drakes (Lair:6)
  5 komodo dragons
  6 trolls
  16 hornets
  3 polar bears
  3 tyrant leeches
  A meliai (shapeshifter) (Elf:1)
  Prince Ribbit (D:6)
  Grinder (D:5)
  9 bog bodies
  A dream sheep (Lair:4)
  5 hippogriffs
  30 blink frogs
  5 spriggans
  A shadow (Swamp:4)
  6 air elementals
  5 wraiths
  4 basilisks
  3 wyverns
  Eustachio (D:6)
  2 water elementals
  36 yaks
  A hog (Swamp:3)
  3 steam dragons
  A fire bat (Volcano)
  A hungry ghost (D:10)
  Grum (D:9)
  3 vampire mosquitoes (Swamp:3)
  13 swamp worms
  4 wargs
  2 soldier ants
  60 nagas
  5 acid dragons
  5 insubstantial wisps (Swamp:3)
  12 water moccasins
  3 hell hounds
  5 sky beasts
  5 black bears
  Purgy (Sewer)
  7 porcupines
  15 orc warriors
  12 swamp drakes
  A slave (D:9)
  A hornet zombie (D:12)
  An ice beast (D:6)
  2 necrophages
  A phantom (D:6)
  13 ogres
  8 centaurs
  17 wolves
  16 crocodiles
  19 bullfrogs
  3 big kobolds
  4 earth elementals
  A gnoll sergeant (D:9)
  5 scorpions
  6 killer bees (D:8)
  29 wights
  3 howler monkeys
  An electric eel (D:6)
  7 crimson imps
  9 jellies
  4 quasits
  7 orc priests
  7 hounds
  5 bullfrog skeletons
  2 centaur skeletons
  Jessica (D:2)
  10 iguanas
  32 orc wizards
  11 worker ants
  2 howler monkey skeletons
  A worker ant zombie (D:10)
  8 gnolls
  8 adders
  A river rat (D:4)
  5 shadow imps
  2 oozes (D:3)
  An adder skeleton (D:7)
  4 worms
  4 dart slugs
  7 leopard geckos
  78 orcs
  7 giant cockroaches
  9 goblins
  6 hobgoblins
  2 jackals (D:2)
  5 quokkas
  6 ball pythons
  6 bats
  8 frilled lizards
  24 kobolds
  A leopard gecko skeleton (D:5)
  A quokka skeleton (D:6)
  A quokka zombie (D:8)
  9 rats
  4 crawling corpses
  A fungus (Lair:3)
  7 plants
1277 creatures vanquished.

Vanquished Creatures (others)
  A dancing weapon (Elf:1)
  2 deep elf magi (Elf:2)
  A naga (Snake:3)
  A slave (D:9)
  A centaur (Volcano)
  A crocodile (D:9)
  A bullfrog (D:9)
  A crimson imp (D:9)
  An orc wizard (D:9)
  A howler monkey skeleton (D:9)
  A leopard gecko (D:6)
  2 orcs (D:9)
  2 briar patches (Swamp:3)
  A crawling corpse (Elf:3)
  8 fungi
  2 plants (Lair:6)
27 creatures vanquished.

Grand Total: 1304 creatures vanquished

Notes
Turn   | Place    | Note
-------+----------+-------------------------------------------
     0 | D:1      | Kairos the Vine Stalker Fighter began the quest for the
                  | Orb.
     0 | D:1      | Reached XP level 1. HP: 11/11 MP: 2/2
   107 | D:1      | Reached XP level 2. HP: 15/16 MP: 1/3
   376 | D:1      | Reached skill level 2 in Axes
   382 | D:1      | Reached XP level 3. HP: 18/20 MP: 1/4
   825 | D:2      | Noticed Jessica
   834 | D:2      | Killed Jessica
   834 | D:2      | Gained mutation: Your natural rate of healing is unusually
                  | fast. [Vine Stalker growth]
   834 | D:2      | Reached XP level 4. HP: 24/24 MP: 5/5
  1164 | D:2      | Reached skill level 3 in Axes
  1164 | D:2      | Reached XP level 5. HP: 11/28 MP: 4/6
  2047 | D:4      | Reached skill level 1 in Stealth
  2052 | D:4      | Noticed an ogre
  2072 | D:3      | Reached XP level 6. HP: 32/32 MP: 7/7
  2198 | D:4      | Found a blossoming altar of Fedhas.
  2259 | D:4      | Reached skill level 4 in Axes
  2286 | D:4      | Found a glowing drain.
  2294 | Sewer    | Entered a sewer
  2387 | Sewer    | Noticed Purgy
  2400 | Sewer    | Killed Purgy
  2400 | Sewer    | Reached skill level 1 in Dodging
  2400 | Sewer    | Reached XP level 7. HP: 32/36 MP: 8/8
  3518 | D:4      | Found a white marble altar of Elyvilon.
  3522 | D:4      | Found a deep blue altar of Sif Muna.
  3527 | D:4      | Found a stormy altar of Qazlal.
  3586 | D:5      | Entered Level 5 of the Dungeon
  3702 | D:5      | Noticed Grinder
  3709 | D:5      | Paralysed by Grinder for 2 turns
  3722 | D:5      | Killed Grinder
  3722 | D:5      | Reached skill level 5 in Axes
  3722 | D:5      | Gained mutation: You have razor-sharp teeth. [Vine Stalker
                  | growth]
  3722 | D:5      | Reached XP level 8. HP: 14/42 MP: 4/9
  3974 | D:5      | Reached skill level 5 in Shields
  4307 | D:5      | Found a staircase to the Ecumenical Temple.
  4523 | Temple   | Entered the Ecumenical Temple
  4810 | Temple   | Became a worshipper of Warmaster Okawaru
  4876 | D:6      | Found an opulent altar of Gozag.
  6009 | D:6      | Noticed Prince Ribbit
  6021 | D:6      | Killed Prince Ribbit
  6021 | D:6      | Reached skill level 6 in Axes
  6084 | D:6      | Reached XP level 9. HP: 46/46 MP: 10/10
  6127 | D:6      | Noticed Eustachio
  6318 | D:6      | Killed Eustachio
  6322 | D:6      | Reached skill level 5 in Armour
  6390 | D:6      | Reached * piety under Okawaru
  6444 | D:6      | Reached skill level 7 in Axes
  6453 | D:6      | Reached skill level 5 in Fighting
  6889 | D:7      | Reached skill level 8 in Axes
  6917 | D:7      | Found a snail-covered altar of Cheibriados.
  7026 | D:7      | Reached ** piety under Okawaru
  7167 | D:7      | Reached XP level 10. HP: 51/51 MP: 11/11
  8204 | D:8      | Noticed a two-headed ogre
  8218 | D:8      | Killed a two-headed ogre
  8218 | D:8      | Reached *** piety under Okawaru
  8218 | D:8      | Reached skill level 9 in Axes
  8447 | D:9      | Noticed Pikel
  8473 | D:9      | Killed Pikel
  8495 | D:9      | Noticed Grum
  8509 | D:9      | Killed Grum
  8509 | D:9      | Reached **** piety under Okawaru
  8559 | D:9      | Reached skill level 10 in Axes
  8559 | D:9      | Reached XP level 11. HP: 36/56 MP: 12/12
  8744 | D:9      | Found Ewnaycli's Weapon Shop.
  9172 | D:9      | Bought a +0 broad axe for 44 gold pieces
  9192 | D:10     | Entered Level 10 of the Dungeon
  9303 | D:10     | Reached ***** piety under Okawaru
  9665 | D:10     | Noticed a two-headed ogre
  9675 | D:10     | Killed a two-headed ogre
  9675 | D:10     | Reached skill level 11 in Axes
  9868 | D:10     | Reached skill level 1 in Invocations
  9928 | D:10     | Found a staircase to the Lair.
 10034 | D:10     | Found a white marble altar of Elyvilon.
 10109 | D:10     | Killed an unseen horror
 10161 | D:10     | Noticed Erolcha
 10175 | D:10     | Killed Erolcha
 10175 | D:10     | Received a gift from Okawaru
 10242 | Lair:1   | Entered Level 1 of the Lair of Beasts
 10295 | Lair:1   | Gained mutation: You heal very quickly. [Vine Stalker
                  | growth]
 10295 | Lair:1   | Reached XP level 12. HP: 50/62 MP: 14/14
 10351 | Lair:1   | Found a bloodstained altar of Trog.
 10495 | Lair:1   | Noticed a seven-headed hydra
 10503 | Lair:1   | Killed a three-headed hydra
 10503 | Lair:1   | Reached skill level 12 in Axes
 11069 | Lair:2   | Found a staircase to the Swamp.
 11223 | Lair:2   | Found a staircase to the Snake Pit.
 11236 | Lair:2   | Received a gift from Okawaru
 12315 | Lair:4   | Reached skill level 13 in Axes
 12366 | Lair:4   | Noticed Rupert
 12383 | Lair:4   | Paralysed by Rupert for 7 turns
 12629 | Lair:4   | Reached XP level 13. HP: 43/67 MP: 14/15
 12654 | Lair:4   | Killed Rupert
 14472 | Lair:4   | Reached skill level 1 in Evocations
 14568 | Lair:5   | Found a dark tunnel.
 14577 | Volcano  | Entered a volcano
 14726 | Volcano  | Reached skill level 14 in Axes
 14936 | Lair:5   | Received a gift from Okawaru
 15078 | Lair:5   | Found a snail-covered altar of Cheibriados.
 15119 | Lair:5   | Noticed Nessos
 15120 | Lair:5   | Noticed Josephine
 15199 | Lair:4   | Identified a scroll of acquirement
 15222 | Lair:4   | Got a warped shield
 15233 | Lair:4   | Identified the +0 shield "Pollehu" {Int+3} (You acquired it
                  | on level 4 of the Lair of Beasts)
 15625 | Lair:5   | Killed Josephine
 15961 | Lair:6   | Entered Level 6 of the Lair of Beasts
 15982 | Lair:6   | Received a gift from Okawaru
 15982 | Lair:6   | Reached XP level 14. HP: 71/73 MP: 17/17
 15985 | Lair:6   | Got a faintly humming large shield {god gift}
 15996 | Lair:6   | Identified the +1 large shield of Gaibinynku {rF+} (Okawaru
                  | gifted it to you on level 6 of the Lair of Beasts)
 16294 | Lair:6   | Reached skill level 15 in Axes
 16381 | Lair:6   | Found a staircase to the Slime Pits.
 16712 | Lair:6   | Noticed a dire elephant
 16723 | Lair:6   | Killed a dire elephant
 16723 | Lair:6   | Reached skill level 5 in Invocations
 16740 | Lair:6   | Got a transparent granite ring
 16821 | Lair:6   | Received a gift from Okawaru
 16830 | Lair:6   | Got a blackened plate armour {god gift}
 16841 | Lair:6   | Identified the +7 plate armour of Okawaru's Outrage {rN+
                  | MR+} (Okawaru gifted it to you on level 6 of the Lair of
                  | Beasts)
 16858 | Lair:6   | Identified the ring "Xyefurgh" {Str+4 Int+5 Dex-2} (You
                  | found it on level 6 of the Lair of Beasts)
 17268 | Lair:6   | Noticed Urug
 17289 | Lair:6   | Killed Urug
 18156 | Lair:5   | Killed Nessos
 18378 | Swamp:1  | Entered Level 1 of the Swamp
 18526 | Swamp:1  | Reached skill level 16 in Axes
 18580 | Swamp:1  | Reached XP level 15. HP: 78/78 MP: 20/20
 19145 | Swamp:2  | Reached skill level 10 in Shields
 19675 | Swamp:2  | Received a gift from Okawaru
 19971 | Swamp:3  | Received a gift from Okawaru
 19981 | Swamp:3  | Reached skill level 10 in Armour
 20227 | Swamp:3  | Noticed Kirke
 20241 | Swamp:3  | Killed Kirke
 20549 | Swamp:3  | Noticed a thorn hunter
 20569 | Swamp:3  | Killed a thorn hunter
 20950 | Swamp:4  | Entered Level 4 of the Swamp
 21411 | Swamp:4  | Reached XP level 16. HP: 77/84 MP: 22/22
 21757 | Swamp:4  | Noticed a thorn hunter
 21774 | Swamp:4  | Killed a thorn hunter
 21777 | Swamp:4  | Received a gift from Okawaru
 21809 | Swamp:4  | Got a pitted broad axe {god gift}
 21810 | Swamp:4  | Identified the +6 broad axe of Miuggad {protect, Dex+4}
                  | (Okawaru gifted it to you on level 4 of the Swamp)
 21964 | Swamp:4  | Got a decaying rune of Zot
 22045 | Swamp:4  | Reached skill level 10 in Fighting
 22190 | Swamp:4  | Got a crude war axe
 22191 | Swamp:4  | Identified the +6 war axe of Foul Odors {drain, *Noise
                  | rElec rPois rF+} (You acquired it on level 4 of the Swamp)
 22280 | Swamp:4  | Reached ****** piety under Okawaru
 22791 | Snake:1  | Entered Level 1 of the Snake Pit
 22859 | Snake:1  | You fall through a shaft!
 22870 | Snake:2  | Reached skill level 5 in Dodging
 22891 | Snake:2  | You fall through a shaft!
 22922 | Snake:3  | Received a gift from Okawaru
 23097 | Snake:3  | Noticed Donald
 23127 | Snake:3  | Killed Donald
 23283 | Snake:3  | Got a jewelled shield {god gift}
 23294 | Snake:3  | Identified the +4 shield of Elitism {rF+ rN+ Regen+}
                  | (Okawaru gifted it to you on level 3 of the Snake Pit)
 23509 | Snake:3  | Reached skill level 17 in Axes
 23530 | Snake:3  | Found Plog's Armour Emporium.
 23658 | Snake:2  | Reached XP level 17. HP: 87/90 MP: 25/25
 23816 | Snake:1  | Received a gift from Okawaru
 23971 | Snake:1  | You fall through a shaft!
 24729 | Snake:2  | Reached skill level 10 in Invocations
 25120 | Snake:3  | Received a gift from Okawaru
 25256 | Snake:4  | Entered Level 4 of the Snake Pit
 25408 | Snake:4  | Reached XP level 18. HP: 50/96 MP: 26/26
 25512 | Snake:4  | Received a gift from Okawaru
 25676 | Snake:4  | Found a runed translucent gate.
 25676 | Snake:4  | Found a runed translucent gate.
 25676 | Snake:4  | Found a runed translucent gate.
 25676 | Snake:4  | Noticed Frank's ghost (adept OpFi)
 25696 | Snake:4  | Killed Frank's ghost
 25727 | Snake:4  | Found Kyno's Jewellery Shoppe.
 25728 | Snake:4  | Found Jodgho's Gadget Boutique.
 25733 | Snake:4  | Found Peavvasu's Jewellery Shoppe.
 25747 | Snake:4  | Bought a cursed amulet of inaccuracy for 32 gold pieces
 25747 | Snake:4  | Bought a cursed ring of attention for 72 gold pieces
 25889 | Snake:3  | Received a gift from Okawaru
 25893 | Snake:3  | Got a pitted hand axe {god gift}
 25894 | Snake:3  | Identified the +1 hand axe of the Extremely Mad {elec,
                  | *Contam rElec rC+ Int+4} (Okawaru gifted it to you on level
                  | 3 of the Snake Pit)
 26158 | Snake:4  | Got a serpentine rune of Zot
 26302 | Snake:4  | Noticed Aizul
 26329 | Snake:4  | Killed Aizul
 26522 | Snake:4  | Bought a cursed ring of teleportation for 72 gold pieces
 26522 | Snake:4  | Bought the ring "Rabeboergh" {rPois rF+ rC+ Str-2} for 624
                  | gold pieces
 26537 | Snake:4  | Bought an uncursed ring of fire for 400 gold pieces
 26537 | Snake:4  | Bought an uncursed amulet of the acrobat for 480 gold
                  | pieces
 27086 | D:11     | Identified the Compendium of Enchanting Blows and Bruises
 27481 | D:11     | Gained mutation: You are clumsy. (Dex -2) [potion of
                  | mutation]
 27481 | D:11     | Gained mutation: You have large cloven feet. [potion of
                  | mutation]
 27481 | D:11     | Gained mutation: You are resistant to electric shocks.
                  | (rElec) [potion of mutation]
 27481 | D:11     | Gained mutation: Your flesh is heat resistant. (rF+)
                  | [potion of mutation]
 27482 | D:11     | Lost mutation: You have large cloven feet. [potion of
                  | mutation]
 27482 | D:11     | Lost mutation: Your flesh is heat resistant. (rF+) [potion
                  | of mutation]
 27482 | D:11     | Lost mutation: You are resistant to electric shocks.
                  | (rElec) [potion of mutation]
 27482 | D:11     | Lost mutation: You are clumsy. (Dex -2) [potion of
                  | mutation]
 27482 | D:11     | Gained mutation: You tend to lose your temper in combat.
                  | [potion of mutation]
 27482 | D:11     | Gained mutation: You have a pair of small horns on your
                  | head. [potion of mutation]
 27482 | D:11     | Gained mutation: You are agile. (Dex +2) [potion of
                  | mutation]
 27483 | D:11     | Lost mutation: You tend to lose your temper in combat.
                  | [potion of mutation]
 27483 | D:11     | Lost mutation: You have a pair of small horns on your head.
                  | [potion of mutation]
 27483 | D:11     | Lost mutation: You are agile. (Dex +2) [potion of mutation]
 27483 | D:11     | Gained mutation: You have a pair of small antennae on your
                  | head. [potion of mutation]
 27483 | D:11     | Gained mutation: You evolve. [potion of mutation]
 27483 | D:11     | Gained mutation: You possess an exceptional clarity of
                  | mind. [potion of mutation]
 27492 | D:12     | Reached skill level 18 in Axes
 27526 | D:12     | Found a runed translucent door.
 27529 | D:12     | Found a staircase to the Orcish Mines.
 27542 | D:12     | Received a gift from Okawaru
 27757 | D:12     | Noticed glosham's ghost (journeyman CeCj)
 28254 | D:12     | Found a shimmering altar of Xom.
 28421 | D:12     | Found a portal to a secret trove of treasure.
 29011 | D:12     | Killed glosham's ghost
 29051 | Orc:1    | Entered Level 1 of the Orcish Mines
 29156 | Orc:2    | Entered Level 2 of the Orcish Mines
 29167 | Orc:2    | Found a roughly hewn altar of Beogh.
 29318 | Orc:2    | Found a staircase to the Elven Halls.
 29553 | Orc:2    | Found Koll's Antique Armour Shoppe.
 29599 | Orc:2    | Found a radiant altar of Vehumet.
 29623 | Orc:2    | Found Eduitil's Book Shoppe.
 29636 | Orc:2    | Found an ancient bone altar of Kikubaaqudgha.
 29682 | Orc:2    | Found a roughly hewn altar of Beogh.
 29694 | Orc:2    | Found Jydaph's Magic Scroll Emporium.
 29731 | Orc:2    | Found Apuhog's Antique Armour Emporium.
 29903 | Orc:1    | Noticed Snorg
 29912 | Orc:1    | Killed Snorg
 30008 | Orc:1    | Found a roughly hewn altar of Beogh.
 30379 | Orc:2    | Bought an embroidered cloak for 165 gold pieces
 30482 | Elf:1    | Entered Level 1 of the Elven Halls
 30563 | Elf:1    | Reached XP level 19. HP: 103/103 MP: 27/27
 30673 | Elf:1    | Found a magical portal.
 30684 | WizLab   | Entered Iskenderun's Mystic Tower
 30740 | WizLab   | Received a gift from Okawaru
 30767 | WizLab   | Reached skill level 15 in Shields
 31218 | WizLab   | Identified the Grimoire of Excruciating Clay
 31237 | WizLab   | Identified Iskenderun's Tome of Confrontation
 31237 | WizLab   | Identified Iskenderun's Handbook of Arcane Weapons
 31252 | WizLab   | Learned a level 1 spell: Apportation
 32106 | Elf:1    | Received a gift from Okawaru
 32554 | Elf:2    | Found Laj Weloemue's Food Shop.
 32737 | Elf:2    | Found a runed translucent gate.
 32737 | Elf:2    | Found a runed translucent gate.
 32737 | Elf:2    | Found a runed translucent gate.
 32745 | Elf:2    | Reached XP level 20. HP: 111/112 MP: 26/28
 32771 | Elf:2    | Noticed Agnes
 32784 | Elf:2    | Killed Agnes
 33035 | Elf:2    | Received a gift from Okawaru
 33131 | Elf:3    | Entered Level 3 of the Elven Halls
 33272 | Elf:3    | Found Jaboupemm's Distillery.
 33276 | Elf:3    | Bought a potion of berserk rage for 105 gold pieces
 33346 | Elf:3    | Reached skill level 15 in Fighting
 33390 | Elf:3    | Gained mutation: Armour fits poorly on your strangely
                  | shaped body. [a neqoxec]
 33406 | Elf:3    | Received a gift from Okawaru
 33450 | Elf:3    | Identified the +9 flail "Killer Bee's Peril" {vamp, rN+
                  | Int+4 Dex-4 Stlth+}
 34035 | Elf:3    | Identified the +5 chain mail "Ygasch" {MR+ MP+9}
 34053 | Elf:3    | Noticed a Brimstone Fiend
 34171 | Elf:3    | Identified Regaluv's Guide on Supportive Air
 34189 | Elf:3    | Learned a level 8 spell: Controlled Blink
 34212 | Elf:3    | Reached XP level 21. HP: 119/119 MP: 29/29
 34249 | Elf:3    | Reached skill level 1 in Translocations
 34331 | Elf:3    | Identified the +6 dagger "Tiudew" {protect, *Rage rPois rC+
                  | rN+++} (You found it on level 3 of the Elven Halls)
 34522 | Elf:3    | Reached skill level 1 in Spellcasting
 34684 | Elf:3    | Killed from afar by a deep elf annihilator

Skill      XL: |  1  2  3  4  5  6  7  8  9 10 11 12 13 14 15 16 17 18 19 20 21 |
---------------+----------------------------------------------------------------+-----
Shields        | 3 4 5 6 7 8 9 10 12 13 14 15 17 | 17.0
Axes           | 2 3 4 5 6 8 10 11 13 14 16 17 18 | 18.0
Fighting       | 3 4 5 6 7 8 9 10 11 12 14 15 | 15.8
Armour         | 3 4 5 6 7 8 9 10 11 12 13 14 | 14.1
Stealth        | 1 2 3 4 |  4.1
Dodging        | 1 2 3 4 5 |  5.8
Invocations    | 1 3 5 7 9 10 | 10.2
Evocations     | 1 |  1.8
Translocations | 1 |  1.4
Spellcasting   | 1 |  1.0

Action                   |  1- 3 |  4- 6 |  7- 9 | 10-12 | 13-15 | 16-18 | 19-21 || total
-------------------------+-------+-------+-------+-------+-------+-------+-------++-------
Melee: War axe           |    61 |   183 |   303 |   677 |   239 |   816 |       ||  2279
       Bite              |    19 |    45 |   112 |   244 |   350 |   528 |   390 ||  1688
       Broad axe         |       |       |       |       |   564 |   381 |   865 ||  1810
Invok: Heroism           |       |       |       |    13 |    32 |    20 |    13 ||    78
       Finesse           |       |       |       |     1 |     8 |     6 |     2 ||    17
Evoke: Wand              |       |       |       |     3 |    16 |       |     2 ||    21
  Use: Scroll            |       |    10 |     5 |     6 |    27 |    11 |    10 ||    69
       Potion            |       |       |     6 |       |     4 |     5 |       ||    15
 Stab: Confused          |       |       |       |       |     2 |     1 |       ||     3
       Distracted        |       |       |       |       |       |     1 |     2 ||     3
  Eat: Chunk             |       |     5 |     6 |    15 |     7 |     9 |     7 ||    49
       Ration            |       |       |     3 |     1 |     7 |     6 |     2 ||    19
Armor: Scale mail        |    19 |    85 |   118 |    74 |       |       |       ||   296
       Plate armour      |       |       |       |    48 |   206 |   315 |   227 ||   796
       Chain mail        |       |       |       |   233 |   131 |       |       ||   364
       Swamp dragon scal |       |       |       |       |       |    41 |       ||    41
Dodge: Dodged            |    18 |    72 |    87 |   214 |   211 |   298 |   168 ||  1068
Block: Shield            |    30 |   118 |   156 |   431 |   119 |   802 |   520 ||  2176
       Large shield      |       |       |       |       |   545 |   267 |     9 ||   821
